| TOP OF THE 1ST |
|
Tri-City ValleyCats batting - Pitching for Mahoning Valley Scrappers : LHP Alec Valencia
|
|
Pitching: LHP Alec Valencia
|
|
|
Batting: RHB Andrew Pride
|
0-0: Called Strike 0-1: Called Strike 0-2: Strikes out looking
|
|
Batting: LHB Josh Corkery
|
0-0: Ground out 5-3 (Groundball, 5L, EV 98.8 MPH)
|
|
Batting: RHB Chris McGrath
|
0-0: Hit by Pitch
|
|
Batting: SHB Chris Keziah
|
0-0: Ball Chris McGrath steals 2nd base 1-0: Foul Ball, location: 2F 1-1: Reached on error, E6 (Groundball, 6M, EV 82.5 MPH) Chris McGrath to third
|
|
Batting: LHB Mark Dearth
|
0-0: Foul Ball, location: 2F 0-1: Ground out U3 (Groundball, 3, EV 96.9 MPH)
|
| Top of the 1st over - 0 runs, 0 hits, 1 error, 2 left on base; Tri-City 0 - Mahoning Valley 0 |
| BOTTOM OF THE 1ST |
|
Mahoning Valley Scrappers batting - Pitching for Tri-City ValleyCats : RHP Muckle Wildriver
|
|
Pitching: RHP Muckle Wildriver
|
|
|
Batting: RHB Ricky Cordova
|
0-0: Called Strike 0-1: Foul Ball, location: 2F 0-2: Strikes out swinging
|
|
Batting: RHB John Bianconi
|
0-0: Foul Ball, location: 2F 0-1: Ball 1-1: Foul Ball, location: 2F 1-2: Ball 2-2: Ball 3-2: Strikes out looking
|
|
Batting: LHB Shane Montalvo
|
0-0: Called Strike 0-1: Ball 1-1: Fly out, F8 (Flyball, 8LD, EV 91.2 MPH)
|
| Bottom of the 1st over - 0 runs, 0 hits, 0 errors, 0 left on base; Tri-City 0 - Mahoning Valley 0 |
| TOP OF THE 2ND |
|
Tri-City ValleyCats batting - Pitching for Mahoning Valley Scrappers : LHP Alec Valencia
|
|
Batting: LHB Jackson Trottier
|
0-0: Ball 1-0: Called Strike 1-1: Ball 2-1: Ball 3-1: Base on Balls
|
|
Batting: RHB Drew Coleman
|
0-0: Called Strike 0-1: Fly out, F9 (Line Drive, 9, EV 95.0 MPH)
|
|
Batting: RHB To-wai Chen
|
0-0: Ball 1-0: Ball 2-0: Ball 3-0: Base on Balls Jackson Trottier to second
|
|
Batting: RHB Mike Koch
|
0-0: Ball 1-0: Ball 2-0: Ball 3-0: Base on Balls Jackson Trottier to third To-wai Chen to second
|
|
Batting: RHB Andrew Pride
|
0-0: Ball 1-0: Called Strike 1-1: Ball 2-1: Ball 3-1: Foul Ball, location: 2F 3-2: Foul Ball, location: 2F 3-2: GRAND SLAM HOME RUN (Flyball, 9LD, EV 93.1 MPH), Distance : 334 ft
|
|
Batting: LHB Josh Corkery
|
0-0: Called Strike 0-1: Called Strike 0-2: Ball 1-2: Ball 2-2: Strikes out looking
|
|
Batting: RHB Chris McGrath
|
0-0: Ball 1-0: Ball 2-0: Called Strike 2-1: Foul Ball, location: 2F 2-2: Ball 3-2: Foul Ball, location: 2F 3-2: DOUBLE (Flyball, 78D, EV 98.8 MPH)
|
|
Batting: SHB Chris Keziah
|
0-0: Swinging Strike 0-1: Foul Ball, location: 2F 0-2: Ball 1-2: Fly out, F9 (Flyball, 9D, EV 105.6 MPH)
|
| Top of the 2nd over - 4 runs, 2 hits, 0 errors, 1 left on base; Tri-City 4 - Mahoning Valley 0 |
| BOTTOM OF THE 2ND |
|
Mahoning Valley Scrappers batting - Pitching for Tri-City ValleyCats : RHP Muckle Wildriver
|
|
Batting: LHB Jeff Palmowski
|
0-0: Swinging Strike 0-1: Called Strike 0-2: Foul Ball, location: 2F 0-2: Ball 1-2: Strikes out looking
|
|
Batting: RHB Andy Lewis
|
0-0: Swinging Strike 0-1: Foul Ball, location: 2F 0-2: Ball 1-2: Ball 2-2: Ball 3-2: Foul Ball, location: 2F 3-2: Strikes out looking
|
|
Batting: RHB Luis Roman
|
0-0: Called Strike 0-1: Ball 1-1: Ball 2-1: Hit by Pitch
|
|
Batting: LHB Esteban Cordova
|
0-0: Called Strike 0-1: Called Strike 0-2: Strikes out swinging
|
| Bottom of the 2nd over - 0 runs, 0 hits, 0 errors, 1 left on base; Tri-City 4 - Mahoning Valley 0 |
| TOP OF THE 3RD |
|
Tri-City ValleyCats batting - Pitching for Mahoning Valley Scrappers : LHP Alec Valencia
|
|
Batting: LHB Mark Dearth
|
0-0: Ball 1-0: Ball 2-0: Called Strike 2-1: Ball 3-1: Base on Balls
|
|
Batting: LHB Jackson Trottier
|
0-0: Ball 1-0: Fly out, F2 (Popup, 25F, EV 81.9 MPH)
|
|
Batting: RHB Drew Coleman
|
0-0: Ball 1-0: Foul Ball, location: 2F 1-1: Foul Ball, location: 2F 1-2: Ball 2-2: Fly out, F7 (Flyball, 7LM, EV 85.6 MPH)
|
|
Batting: RHB To-wai Chen
|
0-0: Ball 1-0: Fielders Choice at 2nd, 6-4 (Groundball, 56, EV 81.9 MPH)
|
| Top of the 3rd over - 0 runs, 0 hits, 0 errors, 1 left on base; Tri-City 4 - Mahoning Valley 0 |
| BOTTOM OF THE 3RD |
|
Mahoning Valley Scrappers batting - Pitching for Tri-City ValleyCats : RHP Muckle Wildriver
|
|
Batting: RHB Anibal Casteles
|
0-0: Ball 1-0: Called Strike 1-1: Ball 2-1: Swinging Strike 2-2: Foul Ball, location: 2F 2-2: Strikes out swinging
|
|
Batting: SHB Javon Mitchell
|
0-0: Ball 1-0: Foul Ball, location: 2F 1-1: Swinging Strike 1-2: Ball 2-2: Strikes out looking
|
|
Batting: RHB Ricky Cordova
|
0-0: Ball 1-0: Ball 2-0: Called Strike 2-1: Called Strike 2-2: Strikes out swinging
|
| Bottom of the 3rd over - 0 runs, 0 hits, 0 errors, 0 left on base; Tri-City 4 - Mahoning Valley 0 |
| TOP OF THE 4TH |
|
Tri-City ValleyCats batting - Pitching for Mahoning Valley Scrappers : LHP Alec Valencia
|
|
Batting: RHB Mike Koch
|
0-0: Ball 1-0: Called Strike 1-1: Fly out, F4 (Line Drive, 4D, EV 65.0 MPH)
|
|
Batting: RHB Andrew Pride
|
0-0: Ball 1-0: Ball 2-0: Ball 3-0: Base on Balls
|
|
Batting: LHB Josh Corkery
|
0-0: Called Strike 0-1: Swinging Strike 0-2: Ball 1-2: Strikes out swinging
|
|
Batting: RHB Chris McGrath
|
0-0: Ball Andrew Pride is caught stealing 2nd base 2-4
|
| Top of the 4th over - 0 runs, 0 hits, 0 errors, 0 left on base; Tri-City 4 - Mahoning Valley 0 |
| BOTTOM OF THE 4TH |
|
Mahoning Valley Scrappers batting - Pitching for Tri-City ValleyCats : RHP Muckle Wildriver
|
|
Batting: RHB John Bianconi
|
0-0: Ball 1-0: Foul Ball, location: 2F 1-1: Called Strike 1-2: Ball 2-2: Strikes out swinging
|
|
Batting: LHB Shane Montalvo
|
0-0: Called Strike 0-1: Swinging Strike 0-2: Ground out 6-3 (Groundball, 6, EV 88.1 MPH)
|
|
Batting: LHB Jeff Palmowski
|
0-0: Called Strike 0-1: SOLO HOME RUN (Flyball, 7LD, EV 95.0 MPH), Distance : 344 ft
|
|
Batting: RHB Andy Lewis
|
0-0: Ball 1-0: Swinging Strike 1-1: Called Strike 1-2: Foul Ball, location: 2F 1-2: Foul Ball, location: 2F 1-2: Foul Ball, location: 2F 1-2: Strikes out swinging
|
| Bottom of the 4th over - 1 run, 1 hit, 0 errors, 0 left on base; Tri-City 4 - Mahoning Valley 1 |
| TOP OF THE 5TH |
|
Tri-City ValleyCats batting - Pitching for Mahoning Valley Scrappers : LHP Alec Valencia
|
|
Batting: RHB Chris McGrath
|
0-0: Ball 1-0: Called Strike 1-1: Fly out, F7 (Flyball, 78D, EV 98.1 MPH)
|
|
Batting: SHB Chris Keziah
|
0-0: Ball 1-0: Called Strike 1-1: Ball 2-1: Ball 3-1: Base on Balls
|
|
Pitching: RHP Bill Snyder
|
|
|
Batting: LHB Mark Dearth
|
0-0: Ball 1-0: Called Strike 1-1: Swinging Strike 1-2: Strikes out swinging
|
|
Batting: LHB Jackson Trottier
|
0-0: Ball Chris Keziah steals 2nd base 1-0: Ball 2-0: Foul Ball, location: 2F 2-1: Swinging Strike 2-2: Foul Ball, location: 2F 2-2: Strikes out looking
|
| Top of the 5th over - 0 runs, 0 hits, 0 errors, 1 left on base; Tri-City 4 - Mahoning Valley 1 |
| BOTTOM OF THE 5TH |
|
Mahoning Valley Scrappers batting - Pitching for Tri-City ValleyCats : RHP Muckle Wildriver
|
|
Batting: RHB Luis Roman
|
0-0: Ball 1-0: Ground out U3 (Groundball, 3S, EV 79.4 MPH)
|
|
Batting: LHB Esteban Cordova
|
0-0: Ball 1-0: Ball 2-0: Ball 3-0: Called Strike 3-1: Base on Balls
|
|
Batting: RHB Anibal Casteles
|
0-0: Called Strike 0-1: Swinging Strike 0-2: Ball 1-2: Strikes out swinging
|
|
Batting: SHB Javon Mitchell
|
0-0: Ball 1-0: Foul Ball, location: 2F 1-1: Foul Ball, location: 2F 1-2: Ball Wild Pitch! Esteban Cordova to second 2-2: Ball 3-2: Fly out, F4 (Popup, 4M, EV 71.9 MPH)
|
| Bottom of the 5th over - 0 runs, 0 hits, 0 errors, 1 left on base; Tri-City 4 - Mahoning Valley 1 |
| TOP OF THE 6TH |
|
Tri-City ValleyCats batting - Pitching for Mahoning Valley Scrappers : RHP Bill Snyder
|
|
Batting: RHB Drew Coleman
|
0-0: Foul Ball, location: 2F 0-1: Ball 1-1: Ball 2-1: Foul Ball, location: 2F 2-2: Strikes out swinging
|
|
Batting: RHB To-wai Chen
|
0-0: Called Strike 0-1: Ball 1-1: Ball 2-1: Ball 3-1: Foul Ball, location: 2F 3-2: Strikes out swinging
|
|
Pitching: RHP Ian Nordquist
|
|
|
Batting: RHB Mike Koch
|
0-0: Ball 1-0: Ball 2-0: Ball 3-0: Base on Balls
|
|
Batting: RHB Andrew Pride
|
0-0: Foul Ball, location: 2F 0-1: Ball 1-1: Fly out, F8 (Flyball, 78S, EV 89.4 MPH)
|
| Top of the 6th over - 0 runs, 0 hits, 0 errors, 1 left on base; Tri-City 4 - Mahoning Valley 1 |
| BOTTOM OF THE 6TH |
|
Mahoning Valley Scrappers batting - Pitching for Tri-City ValleyCats : RHP Muckle Wildriver
|
|
Batting: RHB Ricky Cordova
|
0-0: Called Strike 0-1: Ball 1-1: Ball 2-1: Called Strike 2-2: Foul Ball, location: 2F 2-2: Foul Ball, location: 2F 2-2: DOUBLE (Flyball, 89D, EV 97.5 MPH)
|
|
Batting: RHB John Bianconi
|
0-0: Called Strike 0-1: Ball 1-1: Ball 2-1: Ball 3-1: Base on Balls
|
|
Batting: LHB Shane Montalvo
|
0-0: Grounds into double play, 4-6-3 (Groundball, 4, EV 90.6 MPH) Ricky Cordova to third
|
|
Batting: LHB Jeff Palmowski
|
0-0: Swinging Strike 0-1: Ball 1-1: Swinging Strike 1-2: Ball 2-2: Ball 3-2: Strikes out swinging
|
| Bottom of the 6th over - 0 runs, 1 hit, 0 errors, 1 left on base; Tri-City 4 - Mahoning Valley 1 |
| TOP OF THE 7TH |
|
Tri-City ValleyCats batting - Pitching for Mahoning Valley Scrappers : RHP Ian Nordquist
|
|
Batting: LHB Josh Corkery
|
0-0: Ball 1-0: Ball 2-0: Foul Ball, location: 2F 2-1: Ball 3-1: Base on Balls
|
|
Batting: RHB Chris McGrath
|
0-0: Ball Josh Corkery steals 2nd base 1-0: Ball 2-0: Foul Ball, location: 2F 2-1: Ball 3-1: Called Strike 3-2: Strikes out looking
|
|
Pitching: RHP Chris Cohen
|
|
|
Batting: SHB Chris Keziah
|
0-0: Called Strike Josh Corkery steals 3rd base 0-1: Ball 1-1: Called Strike 1-2: Ball 2-2: Strikes out swinging
|
|
Batting: LHB Mark Dearth
|
0-0: Foul Ball, location: 2F 0-1: Swinging Strike 0-2: Ball 1-2: Strikes out swinging
|
| Top of the 7th over - 0 runs, 0 hits, 0 errors, 1 left on base; Tri-City 4 - Mahoning Valley 1 |
| BOTTOM OF THE 7TH |
|
Mahoning Valley Scrappers batting - Pitching for Tri-City ValleyCats : RHP Muckle Wildriver
|
|
Pitching: LHP Ruben Rojas
|
|
|
Batting: RHB Andy Lewis
|
0-0: Foul Ball, location: 2F 0-1: Foul Ball, location: 2F 0-2: Strikes out swinging
|
|
Batting: RHB Luis Roman
|
0-0: Ball 1-0: Foul Ball, location: 2F 1-1: Ball 2-1: Ball 3-1: Foul Ball, location: 2F 3-2: Base on Balls
|
|
Batting: LHB Esteban Cordova
|
0-0: Called Strike 0-1: Ball 1-1: Foul Ball, location: 2F 1-2: Foul Ball, location: 2F 1-2: Strikes out swinging
|
|
Batting: RHB Anibal Casteles
|
0-0: Called Strike 0-1: Ball 1-1: Called Strike 1-2: Ball 2-2: Foul Ball, location: 2F 2-2: Foul Ball, location: 2F 2-2: Strikes out swinging
|
| Bottom of the 7th over - 0 runs, 0 hits, 0 errors, 1 left on base; Tri-City 4 - Mahoning Valley 1 |
| TOP OF THE 8TH |
|
Tri-City ValleyCats batting - Pitching for Mahoning Valley Scrappers : RHP Chris Cohen
|
|
Batting: LHB Jackson Trottier
|
0-0: Ball 1-0: Called Strike 1-1: Foul Ball, location: 2F 1-2: Strikes out looking
|
|
Batting: RHB Drew Coleman
|
0-0: Ball 1-0: Ball 2-0: Ground out U3 (Groundball, 3, EV 91.9 MPH)
|
|
Batting: RHB To-wai Chen
|
0-0: SINGLE (Groundball, 56S, EV 64.4 MPH) (infield hit)
|
|
Batting: RHB Mike Koch
|
0-0: Ball 1-0: DOUBLE (Line Drive, 5D, EV 98.1 MPH) To-wai Chen to third
|
|
Batting: RHB Andrew Pride
|
0-0: Ball 1-0: Called Strike 1-1: Ball 2-1: DOUBLE (Flyball, 8RXD, EV 96.9 MPH) To-wai Chen scores Mike Koch scores
|
|
Batting: LHB Josh Corkery
|
0-0: Ball 1-0: Foul Ball, location: 2F 1-1: Ball 2-1: Fly out, F9 (Flyball, 9, EV 93.1 MPH)
|
| Top of the 8th over - 2 runs, 3 hits, 0 errors, 1 left on base; Tri-City 6 - Mahoning Valley 1 |
| BOTTOM OF THE 8TH |
|
Mahoning Valley Scrappers batting - Pitching for Tri-City ValleyCats : LHP Ruben Rojas
|
|
Pitching: RHP Jayson Campbell
|
|
|
Batting: SHB Javon Mitchell
|
0-0: Fly out, F9 (Flyball, 9LS, EV 78.1 MPH)
|
|
Pinch Hitting: LHB Chris Morgan
|
0-0: Called Strike 0-1: Foul Ball, location: 2F 0-2: Strikes out swinging
|
|
Batting: RHB John Bianconi
|
0-0: Ball 1-0: Called Strike 1-1: DOUBLE (Line Drive, 8RD, EV 98.1 MPH)
|
|
Batting: LHB Shane Montalvo
|
0-0: Ground out U3 (Groundball, 3, EV 81.2 MPH)
|
| Bottom of the 8th over - 0 runs, 1 hit, 0 errors, 1 left on base; Tri-City 6 - Mahoning Valley 1 |
| TOP OF THE 9TH |
|
Tri-City ValleyCats batting - Pitching for Mahoning Valley Scrappers : RHP Chris Cohen
|
|
Now at 3B: Mike Persinger
|
|
|
Now at SS: John Bianconi
|
|
|
Batting: RHB Chris McGrath
|
0-0: Ball 1-0: Ground out 4-3 (Groundball, 4S, EV 63.8 MPH)
|
|
Batting: SHB Chris Keziah
|
0-0: Ground out U3 (Groundball, 34S, EV 88.1 MPH)
|
|
Batting: LHB Mark Dearth
|
0-0: Ball 1-0: Foul Ball, location: 2F 1-1: Swinging Strike 1-2: Strikes out looking
|
| Top of the 9th over - 0 runs, 0 hits, 0 errors, 0 left on base; Tri-City 6 - Mahoning Valley 1 |
| BOTTOM OF THE 9TH |
|
Mahoning Valley Scrappers batting - Pitching for Tri-City ValleyCats : RHP Jayson Campbell
|
|
Batting: LHB Jeff Palmowski
|
0-0: Swinging Strike 0-1: Ball 1-1: Called Strike 1-2: Foul Ball, location: 2F 1-2: Ball 2-2: Foul Ball, location: 2F 2-2: Ball 3-2: Foul Ball, location: 2F 3-2: Foul Ball, location: 2F 3-2: Foul Ball, location: 2F 3-2: Foul Ball, location: 2F 3-2: Strikes out swinging
|
|
Pitching: RHP Calisto Morda
|
|
|
Batting: RHB Andy Lewis
|
0-0: Ball 1-0: Called Strike 1-1: Ball 2-1: Ball 3-1: Called Strike 3-2: Strikes out swinging
|
|
Batting: RHB Luis Roman
|
0-0: Called Strike 0-1: SOLO HOME RUN (Flyball, 8LXD, EV 105.6 MPH), Distance : 443 ft
|
|
Batting: LHB Esteban Cordova
|
0-0: Ball 1-0: Swinging Strike 1-1: Ball 2-1: Ball 3-1: Fly out, F7 (Flyball, 7, EV 80.0 MPH)
|
| Bottom of the 9th over - 1 run, 1 hit, 0 errors, 0 left on base; Tri-City 6 - Mahoning Valley 2 |
|